 Dungeon Crawl Stone Soup version 0.28-a0-1524-ge72afd5fc6 (webtiles) character file.

Game seed: 6157298660181538931

75 ytrimaz the Insei (level 4, 0/28 HPs)
             Began as an Octopode Transmuter on Jan 17, 2022.
             Slain by an orc (3 damage)
             ... on level 3 of the Dungeon.
             The game lasted 00:03:45 (2204 turns).

ytrimaz the Insei (Octopode Transmuter)             Turns: 2204, Time: 00:03:46

Health: 0/28       AC:  1    Str:  9    XL:     4   Next: 31%
Magic:  8/8        EV: 13    Int: 17    God:
Gold:   1361       SH:  0    Dex: 12    Spells: 2/8 levels left

rFire   . . .      SeeInvis .     - Unarmed
rCold   . . .      Faith    .   (no shield)
rNeg    . . .      Spirit   .   (helmet currently unavailable)
rPois   .          Reflect  .   (no amulet)
rElec   .          Harm     .   (no ring)
rCorr   .          Rampage  .   (no ring)
Will    .....                   (no ring)
Stlth   ++........              (no ring)
HPRegen 0.09/turn               (no ring)
MPRegen 0.11/turn               (no ring)
                                (no ring)
                                (no ring)

@: appendages
A: tentacle spike 3, almost no armour, amphibious, 8 rings, camouflage 1,
gelatinous body 1, (nimble swimmer 1), tentacles
a: End Transformation


You were on level 3 of the Dungeon.
One of your tentacles had grown a beastly spike.
You visited 1 branch of the dungeon, and saw 3 of its levels.

You collected 1361 gold pieces.

Inventory:

Potions
 b - a potion of resistance
 c - a potion of haste
 e - a potion of flight {unknown}
 g - a potion of degeneration {unknown}


   Skills:
 - Level 1.0 Fighting
 - Level 2.0 Dodging
 + Level 3.7 Unarmed Combat
 * Level 2.9 Spellcasting
 * Level 2.8 Transmutations
 * Level 0.8 Poison Magic


You had 2 spell levels left.
You knew the following spells:

 Your Spells              Type           Power      Damage    Failure   Level
a - Beastly Appendage     Tmut           24%        N/A       5%          1
b - Wereblood             Tmut           12%        N/A       9%          2
c - Spider Form           Tmut/Pois      8%         N/A       26%         3

Your spell library contained the following spells:

 Spells                   Type           Power      Damage    Failure   Level
 Freeze                   Ice            8%         1d3       19%         1
 Frozen Ramparts          Ice            4%         1d2       47%         3
 Ice Form                 Ice/Tmut       7%         N/A       69%         4
 Hailstorm                Conj/Ice       2%         3d3       87%         4


Dungeon Overview and Level Annotations

Branches:
Dungeon (3/15)

Altars:
Xom

Annotations:
D:3 3 runed translucent doors


Innate Abilities, Weirdness & Mutations

One of your tentacles has grown a beastly spike.
You cannot wear most types of armour.
You are amphibious.
You can wear up to eight rings at the same time.
Your skin changes colour to match your surroundings (Stealth+).
Your rubbery body absorbs attacks. (AC +1, EV +1)
((You are camouflaged when in or above water. (Stealth+)))
You have tentacles for arms and can constrict up to eight enemies at once.


Message History

An orc is nearby!
An orc is nearby!
An orc comes into view. It is wielding a +0 flail.
The orc shouts! x2; You hear a shout! x3
You extend your transformation's duration.
An orc comes into view. It is wielding a +0 whip.
An orc comes into view. It is wielding a +0 club.
The orc hits you with a +0 club.
You tentacle-slap the orc. Your grab misses the orc. You squeeze the orc.
The orc is heavily wounded.
The orc hits you with a +0 club. The orc hits you with a +0 flail!
You barely miss the orc. You grab the orc.
You pierce the orc, but do no damage.
The orc is heavily wounded.
You constrict the orc, but do no damage.
The orc hits you with a +0 club. The orc completely misses you.
You tentacle-slap the orc.
The orc is almost dead.
You constrict the orc.
You kill the orc!
You tentacle-slap the orc. You grab the orc.
You pierce the orc.
You kill the orc!
The orc misses you.
You see here a +0 flail.
You tentacle-slap the orc. Your grab misses the orc.
The orc is lightly wounded.
The orc hits you with a +0 club. The orc hits you with a +0 whip.
* * * LOW HITPOINT WARNING * * *
You closely miss the orc. You grab the orc.
You pierce the orc, but do no damage.
You squeeze the orc, but do no damage.
The orc is lightly wounded.
You constrict the orc. The orc hits you with a +0 club.
* * * LOW HITPOINT WARNING * * *
The orc misses you.
An orc comes into view. It is wielding a +0 hand axe.
You tentacle-slap the orc.
You pierce the orc, but do no damage.
The orc is severely wounded.
You constrict the orc. The orc closely misses you.
The orc hits you with a +0 whip.
You die...

o.# #... #.. ...
#.# ## #.# .< ##o##
#. #@o.# #. #...#
### #. #...#...
#.####...#.#
...##.)...†....# .#
##
#.............###
#. .. .
+...###...$.....#.>
#. . +..
###.#...#.#.# # #?
. + #.#...#...#.#
#. .


You could see 3 orcs.

Vanquished Creatures
  3 adders
  3 orcs (D:3)
  6 ball pythons
  3 endoplasms
  5 goblins
  6 hobgoblins
  A quokka (D:1)
  5 bats
  3 frilled lizards (D:1)
  4 kobolds
  4 rats
43 creatures vanquished.

Notes
Turn   | Place    | Note
-------+----------+-------------------------------------------
     0 | D:1      | ytrimaz the Octopode Transmuter began the quest for the
                  | Orb.
     0 | D:1      | Reached XP level 1. HP: 13/13 MP: 3/3
     1 | D:1      | Noticed an electric eel
   162 | D:1      | Reached XP level 2. HP: 13/18 MP: 5/5
   723 | D:1      | Found a faded altar of an unknown god.
  1185 | D:1      | Identified a scroll of acquirement
  1185 | D:1      | Acquired 1246 gold pieces
  1293 | D:2      | Reached XP level 3. HP: 13/23 MP: 6/6
  1435 | D:2      | Learned a level 2 spell: Wereblood
  1439 | D:2      | Learned a level 3 spell: Spider Form
  1601 | D:2      | Found a shimmering altar of Xom.
  2017 | D:2      | Reached XP level 4. HP: 28/28 MP: 6/8
  2094 | D:3      | Upgraded the game from 0.28-a0-1518-gbe868bca14 to
                  | 0.28-a0-1524-ge72afd5fc6
  2171 | D:3      | Found a runed translucent gate.
  2171 | D:3      | Found a runed translucent gate.
  2171 | D:3      | Found a runed translucent gate.
  2204 | D:3      | Slain by an orc

Illustrated notes

Levels and vault maps discovered:
D:1:      arrival_aquarium_a, layout_loops_ring,
          dreamdust_ecumenical_altar_statues
D:2:      layout_rooms, serial_rivers, chequers_serial_rivers_small_b,
          chequers_serial_rivers_room_a, chequers_serial_rivers_micro_d,
          chequers_serial_rivers_small_b, chequers_serial_rivers_micro_b,
          basic_altar
D:3:      minmay_roachtagon, layout_loops_cross, ebering_ghost_gozag,
          uniq_terence

Action                   |  1- 3 |  4- 6 || total
-------------------------+-------+-------++-------
Melee: Unarmed           |    81 |    18 ||    99
       Tentacles         |    10 |     4 ||    14
       Kick              |    10 |     5 ||    15
       Punch             |     2 |     1 ||     3
       Constrict         |    17 |     6 ||    23
 Cast: Beastly Appendage |    23 |     2 ||    25
  Use: Scroll            |     5 |       ||     5
 Stab: Sleeping          |     3 |     2 ||     5
Armor: Skin              |     8 |       ||     8
Dodge: Dodged            |    63 |    10 ||    73

Table legend: (Time is in decaauts)
 A = Elapsed time spent in this place.
 B = Non-inter-level travel time spent in this place.
 C = Inter-level travel time spent in this place.
 D = Time resting spent in this place.
 E = Time spent auto-exploring this place.
 F = Levels seen in this place.
 G = Mean time per level.
                   A        B        C        D        E       F      G
               +--------+--------+--------+--------+--------+-----+--------+
         Total |   2198 |   2062 |    136 |    133 |   1579 |   3 |  732.7 |
       Dungeon |   2198 |   2062 |    136 |    133 |   1579 |   3 |  732.7 |
               +--------+--------+--------+--------+--------+-----+--------+

Top non-repeatable levels by time:
     D:1: 1272 daAuts
     D:2: 861 daAuts
     D:3: 64 daAuts
